 Dungeon Crawl Stone Soup version 0.25.1-8-g42b30a86e7 (webtiles) character file.

Game seed: 3170423228964613837

129 Abzac the Covert (level 4, -3/26 HPs)
             Began as a Vampire Assassin on Dec 18, 2020.
             Was an Initiate of Ru.
             Slain by a killer bee (7 damage)
             ... on level 6 of the Dungeon.
             The game lasted 00:12:14 (4489 turns).

Abzac the Covert (Vampire Assassin)                 Turns: 4489, Time: 00:12:14

Health: -3/26      AC:  0    Str:  9 (11) XL:     4   Next: 88%
Magic:  4/4        EV: 18    Int: 11 (13) God:    Ru [......]
Gold:   96         SH:  0    Dex: 18 (20) Spells: 3/3 levels left

rFire    . . .     SeeInvis +   (weapon currently unavailable)
rCold    + + .     Gourm    .   (shield currently unavailable)
rNeg     + + +     Faith    .   (armour currently unavailable)
rPois    ∞         Spirit   .   (helmet currently unavailable)
rElec    .         Reflect  .   (cloak currently unavailable)
rCorr    .         Harm     .   (gloves currently unavailable)
MR       .....                  (boots currently unavailable)
Stlth    ++++++....             (no amulet)
HPRegen  0.00/turn              (ring currently unavailable)
MPRegen  0.09/turn              (ring currently unavailable)

@: about to teleport, bat-form, flying, bloodless, very quick
A: tiny, no food, fangs 3, see invisible
a: Revivify, End Transformation, Renounce Religion


You were on level 6 of the Dungeon.
You worshipped Ru.
Ru was noncommittal.
You were bloodless.
You were in vampire-bat-form.
You visited 2 branches of the dungeon, and saw 7 of its levels.

You collected 96 gold pieces.

Inventory:

Hand Weapons
 a - a +2 dagger (melded)
Missiles
 d - 39 poisoned darts (quivered)
 e - 2 curare-tipped darts
Armour
 b - a +0 robe (melded)
 c - a +0 cloak
 q - a scarf of invisibility (melded)
Jewellery
 g - a ring of wizardry (melded)
Scrolls
 h - a scroll of identify
 i - 2 scrolls of amnesia
 j - a scroll of magic mapping {unknown}
 m - 2 scrolls of blinking {unknown}
 o - 2 scrolls of enchant weapon {unknown}
 s - a scroll of fear {unknown}
Potions
 k - 2 potions of stabbing {unknown}
 l - a potion of might {unknown}
 n - a potion of ambrosia {unknown}
 p - a potion of resistance {unknown}
 r - a potion of heal wounds {unknown}


   Skills:
 - Level 1.7 Fighting
 + Level 2.9 Short Blades
 - Level 1.5 Throwing
 - Level 1.1 Dodging
 * Level 9.1 Stealth


You had 3 spell levels left.
You didn't know any spells.
Your spell library contained the following spells:

 Spells                   Type           Power        Failure   Level  Hunger
 Foxfire                  Conj/Fire      #...         34%         1    N/A
 Conjure Flame            Conj/Fire      #.......     71%         3    N/A
 Inner Flame              Hex/Fire       #.......     71%         3    N/A
 Sticky Flame             Conj/Fire      #.......     98%         4    N/A
 Fireball                 Conj/Fire      #.........   100%        5    N/A

Dungeon Overview and Level Annotations

Branches:
Dungeon (7/15)             Temple (1/1) D:7

Altars:
Ashenzari
Cheibriados
Dithmenos
Elyvilon
Fedhas
Gozag
Makhleb
Nemelex Xobeh
Okawaru
Qazlal
Ru
Sif Muna
Trog
Vehumet
Wu Jian
Xom
Yredelemnul
Zin

Annotations:
D:3 2 transporters, Sableheart's ghost, amateur GrEE


Innate Abilities, Weirdness & Mutations

You do not eat.
You do not regenerate when monsters are visible.
You are frail without blood (-20% HP).
You can heal yourself when you bite living creatures.
You are immune to poison.
You have razor-sharp teeth.
You have supernaturally acute eyesight. (SInv)
((You can survive without breathing.))


Message History

Found 13 bolts.
There is a stone staircase leading down here.
The killer bee barely misses you. The killer bee stings you.
Found a falchion.
A bullfrog zombie comes into view.
The killer bee closely misses you. The killer bee closely misses you.
Found a radiant altar of Vehumet.
The killer bee barely misses you. The killer bee misses you.
The killer bee closely misses you. The killer bee stings you.
* * * LOW HITPOINT WARNING * * *
The killer bee misses you.
As you read the scroll of teleportation, it crumbles to dust.
You feel strangely unstable. The killer bee misses you.
The killer bee completely misses you.
You reach down and open the door.
The killer bee stings you!
You die...

######## #.# .....
#....#.######.####.##
+...#.........Z......
..
#...+...........#....
...
#...#....########..##
....#...###### #..#
........# ..##. #....
######.y##......
#....+ #...b'......
#....# #...##...##.
###### ##### ### . .


You could see a killer bee.

Vanquished Creatures
  A bullfrog skeleton (D:3)
  3 adders
  A gnoll (D:1)
  A worm (D:2)
  A dart slug (D:2)
  2 leopard geckos
  2 orcs
  A giant cockroach (D:1)
  8 goblins
  8 hobgoblins
  4 jackals (D:4)
  2 quokkas
  5 bats
  4 frilled lizards
  5 kobolds
  8 rats
56 creatures vanquished.

Notes
Turn   | Place    | Note
-------+----------+-------------------------------------------
     0 | D:1      | Abzac the Vampire Assassin began the quest for the Orb.
     0 | D:1      | Reached XP level 1. HP: 16/16 MP: 1/1
    70 | D:1      | Reached skill level 6 in Stealth
   294 | D:1      | Reached XP level 2. HP: 22/22 MP: 2/2
   312 | D:1      | Reached skill level 7 in Stealth
  1267 | D:2      | Reached XP level 3. HP: 21/21 MP: 3/3
  1668 | D:2      | Reached skill level 8 in Stealth
  2358 | D:2      | Reached XP level 4. HP: 26/26 MP: 4/4
  3171 | D:3      | Reached skill level 9 in Stealth
  3216 | D:3      | Found a transporter.
  3219 | D:3      | Found a transporter.
  3219 | D:3      | Noticed Sableheart's ghost (amateur GrEE)
  4007 | D:4      | You fall into a shaft and drop 3 floors!
  4030 | D:7      | Noticed a centaur
  4052 | D:7      | Found a staircase to the Ecumenical Temple.
  4065 | Temple   | Entered the Ecumenical Temple
  4089 | Temple   | Became a worshipper of Qazlal Stormbringer
  4268 | Temple   | Fell from the grace of Qazlal
  4268 | Temple   | Became a worshipper of Ru the Awakened
  4387 | D:7      | Found a blossoming altar of Fedhas.
  4388 | D:7      | Noticed a bullfrog
  4421 | D:7      | Noticed a sky beast
  4465 | D:6      | Found a radiant altar of Vehumet.
  4489 | D:6      | Slain by a killer bee

Illustrated notes

Levels and vault maps discovered:
D:1:      dpeg_arrival_simpleton_c, layout_loops_ring, serial_forest,
          infiniplex_forest_clump_tiny, infiniplex_forest_clump_curved,
          infiniplex_forest_clump_diagonal, infiniplex_forest_lined_corner,
          infiniplex_forest_clump_diagonal, infiniplex_forest_clump_double
D:2:      layout_loops_ring, first_ration
D:3:      layout_loops_corners, gammafunk_ghost_arena, minmay_misc_feat_cross,
          wad_floor_pattern_2, kennysheep_generic_room_9
D:4:      minmay_opposing_rooms, layout_basic
D:6:      layout_gridville, old_standard_altar,
          gammafunk_temple_overflow_elements
D:7:      layout_gridville, lemuel_round_altar, minmay_temple_entry_offerings,
          uniq_crazy_yiuf_cottage
Temple:   nicolae_temple_elliptical

Skill      XL: |  1  2  3  4 |
---------------+-------------+-----
Stealth        | 6 7 8 9 |  9.1
Fighting       | |  1.7
Short Blades   | |  2.9
Throwing       | |  1.5
Dodging        | |  1.1

Action                   |  1- 3 |  4- 6 || total
-------------------------+-------+-------++-------
Melee: Dagger            |    95 |    67 ||   162
       Bite              |    11 |    10 ||    21
 Abil: Exsanguinate      |     1 |       ||     1
       Bat Form          |       |     1 ||     1
  Use: Scroll            |       |     4 ||     4
 Stab: Sleeping          |    19 |     9 ||    28
Armor: Robe              |    16 |     5 ||    21
Dodge: Dodged            |    36 |    50 ||    86
